 Dungeon Crawl Stone Soup version 0.30-a0-4-ga7cffc901d (webtiles) character file.

Game seed: 3412033491054502597

21 themarg the Insei (level 2, 0/23 HPs)
             Began as a Gnoll Transmuter on Aug 20, 2022.
             Was an Initiate of Uskayaw.
             Slain by Natasha (6 damage)
             ... on level 2 of the Dungeon.
             The game lasted 00:02:54 (1479 turns).

themarg the Insei (Gnoll Transmuter)                Turns: 1479, Time: 00:02:55

Health: 0/23       AC:  2    Str:  9    XL:     2   Next: 87%
Magic:  6/7        EV: 13    Int: 12    God:    Uskayaw [......]
Gold:   86         SH:  0    Dex: 12    Spells: 7/10 levels left

rFire   . . .      SeeInvis .    f - +0 dagger
rCold   . . .      Faith    .    (no shield)
rNeg    . . .      Spirit   .    a - +0 robe
rPois   .          Reflect  .    (helmet currently unavailable)
rElec   .          Harm     .    (no cloak)
rCorr   .          Rampage  .    (no gloves)
Will    .....                    (boots currently unavailable)
Stlth   +.........               (no amulet)
HPRegen 0.07/turn                (no ring)
MPRegen 0.10/turn                (no ring)

@: appendages
A: horns 2, talons 2, fangs 1, strong nose, distributed training
a: End Transformation, Renounce Religion


You were on level 2 of the Dungeon.
You worshipped Uskayaw.
Uskayaw was noncommittal.
You had temporarily grown beastly horns and talons.
You visited 1 branch of the dungeon, and saw 2 of its levels.

You collected 86 gold pieces.

Inventory:

Hand Weapons
 f - a +0 dagger (weapon)
Missiles
 e - 3 poisoned darts
Armour
 a - a +0 robe (worn)
Scrolls
 g - 2 scrolls of immolation {unknown}
 h - a scroll of blinking {unknown}
 j - 3 scrolls of teleportation {unknown}
 k - a scroll of identify {unknown}
Potions
 b - a potion of lignification
 c - 3 potions of curing {unknown}
 d - a potion of haste {unknown}
 i - a potion of magic {unknown}
 l - a potion of brilliance {unknown}


   Skills:
 + Level 2.5 Fighting
 + Level 0.5 Short Blades
 + Level 0.5 Long Blades
 + Level 0.5 Axes
 + Level 0.5 Maces & Flails
 + Level 0.5 Polearms
 + Level 0.5 Staves
 + Level 0.5 Ranged Weapons
 + Level 0.5 Throwing
 + Level 0.5 Armour
 + Level 4.5 Dodging
 + Level 0.5 Stealth
 + Level 0.5 Shields
 + Level 6.5 Unarmed Combat
 + Level 4.9 Spellcasting
 + Level 0.4 Conjurations
 + Level 0.4 Hexes
 + Level 0.4 Summonings
 + Level 0.4 Necromancy
 + Level 0.4 Translocations
 + Level 3.7 Transmutations
 + Level 0.4 Fire Magic
 + Level 0.4 Ice Magic
 + Level 0.4 Air Magic
 + Level 0.4 Earth Magic
 + Level 0.4 Poison Magic
 + Level 0.7 Invocations
 + Level 0.5 Evocations


You had 7 spell levels left.
You knew the following spells:

 Your Spells              Type           Power      Damage    Failure   Level
a - Beastly Appendage     Tmut           22%        N/A       4%          1
b - Wereblood             Tmut           11%        N/A       7%          2

Your spell library contained the following spells:

 Spells                   Type           Power      Damage    Failure   Level
 Spider Form              Tmut/Pois      7%         N/A       26%         3
 Gell's Gravitas          Tloc           3%         N/A       45%         3
 Teleport Other           Tloc           3%         N/A       45%         3
 Ice Form                 Ice/Tmut       7%         N/A       65%         4
 Dispersal                Tloc           1%         N/A       100%        6


Dungeon Overview and Level Annotations

Branches:
Dungeon (2/15)

Altars:
Uskayaw

Annotations:
D:2 Natasha


Innate Abilities, Weirdness & Mutations

You have temporarily grown beastly horns and talons.
You have very sharp teeth.
Your uncanny sense of smell can sniff out nearby items.
Your experience applies equally to all skills.


Message History

You closely miss the bat. Your bite misses the bat.
The bat is moderately wounded.
The bat hits you but does no damage. The bat barely misses you.
The bat misses you. The bat hits you but does no damage.
You hit the bat but do no damage.
The bat is moderately wounded.
The bat closely misses you.
You hit the bat.
The bat is severely wounded.
The bat hits you but does no damage. The bat hits you but does no damage.
You hit the bat.
You kill the bat!
You see here 5 stones.
Found a hide-covered altar of Uskayaw.
g - 2 scrolls labelled IWNUOFAOXI (gained 1)
There is a hide-covered altar of Uskayaw here.
You kneel at the altar of Uskayaw.
Uskayaw welcomes you!
l - a viscous emerald potion Natasha, Servant of Life and Death comes into view.
Casting: Beastly Appendage (safe; 4% risk of failure)
Confirm with . or Enter, or press ? or * to list all spells.
You grow a pair of large bovine horns.
Your feet morph into talons.
Natasha hisses angrily.
Natasha claws you!
You closely miss Natasha. Your kick misses Natasha.
Natasha casts a spell.
You hit Natasha. Your bite misses Natasha.
Natasha is lightly wounded.
Natasha stares at you and mumbles some strange words.
The magic dart hits you.
You hit Natasha. Your bite misses Natasha.
Natasha is lightly wounded.
Natasha claws you.
* * * LOW HITPOINT WARNING * * *
An adder comes into view.
The crimson imp misses you. Natasha attacks as you move away!
Natasha claws you.
You die...

.....##÷..........#
.....##...........#
.....##...........########
.....)........#.#.<.......
....###########.#########.
................[......
....####.....##.#######
....# #.....##.#....#
....# #.....##.@h...#
##### ##########5..## ##.#
.. ∆ .# .S # ∆


You could see Natasha, a crimson imp (summoned) and an adder (wandering).

Vanquished Creatures
  4 ball pythons
  An endoplasm (D:2)
  A giant cockroach (D:1)
  2 goblins
  A hobgoblin (D:2)
  3 jackals (D:1)
  A quokka (D:1)
  6 bats
  A frilled lizard (D:1)
20 creatures vanquished.

Notes
Turn   | Place    | Note
-------+----------+-------------------------------------------
     0 | D:1      | themarg the Gnoll Transmuter began the quest for the Orb.
     0 | D:1      | Reached XP level 1. HP: 17/17 MP: 6/6
   431 | D:1      | Reached XP level 2. HP: 18/23 MP: 5/7
   448 | D:1      | Learned a level 2 spell: Wereblood
  1419 | D:2      | Found a hide-covered altar of Uskayaw.
  1428 | D:2      | Became a worshipper of Uskayaw the Reveller
  1473 | D:2      | Noticed Natasha
  1477 | D:2      | Noticed a crimson imp
  1479 | D:2      | Slain by Natasha

Illustrated notes

Levels and vault maps discovered:
D:1:      psy_arrival_conway, layout_basic
D:2:      layout_basic, basic_altar, uniq_natasha, uniq_sigmund

Action                   || total
-------------------------++-------
Melee: Dagger            ||    61
       Unarmed           ||     9
       Kick              ||    13
       Headbutt          ||     5
       Bite              ||     2
 Cast: Beastly Appendage ||    14
 Stab: Sleeping          ||     2
Armor: Robe              ||    23
Dodge: Dodged            ||    53

Table legend: (Time is in decaauts)
 A = Elapsed time spent in this place.
 B = Non-inter-level travel time spent in this place.
 C = Inter-level travel time spent in this place.
 D = Time resting spent in this place.
 E = Time spent auto-exploring this place.
 F = Levels seen in this place.
 G = Mean time per level.
                   A        B        C        D        E       F      G
               +--------+--------+--------+--------+--------+-----+--------+
         Total |   1480 |   1433 |     47 |    171 |   1042 |   2 |  740.0 |
       Dungeon |   1480 |   1433 |     47 |    171 |   1042 |   2 |  740.0 |
               +--------+--------+--------+--------+--------+-----+--------+

Top non-repeatable levels by time:
     D:1: 1087 daAuts
     D:2: 392 daAuts
